 Dungeon Crawl Stone Soup version 0.30-a0-329-g85436e0a43 (console) character file.

Game seed: 184665796657386989

301 capslocke the Sneak (level 6, -2/41 HPs)
             Began as an Octopode Brigand on Oct 29, 2022.
             Succumbed to an orc's poison
             ... on level 3 of the Dungeon.
             The game lasted 00:09:24 (2465 turns).

capslocke the Sneak (Octopode Brigand)              Turns: 2465, Time: 00:09:24

Health: -2/41      AC:  1    Str: 11    XL:     6   Next: 37%
Magic:  15/15      EV: 13    Int: 13    God:
Gold:   145        SH:  0    Dex: 15    Spells: 4/5 levels left

rFire   . . .      SeeInvis .    a - +2 dagger
rCold   . . .      Faith    .    (no shield)
rNeg    . . .      Spirit   .    (helmet restricted)
rPois   .          Reflect  .    (no amulet)
rElec   .          Harm     .    (no ring)
rCorr   .          Rampage  .    i - ring of magical power
Will    .....                    (no ring)
Stlth   +++++.....               (no ring)
HPRegen 0.26/turn                (no ring)
MPRegen 0.14/turn                (no ring)
                                 (no ring)
                                 (no ring)

@: lethally poisoned (-2 -> -26)
A: almost no armour, amphibious, 8 rings, camouflage 1, gelatinous body 1,
(nimble swimmer 1), tentacles
a: no special abilities


You were on level 3 of the Dungeon.
You visited 1 branch of the dungeon, and saw 3 of its levels.
You also visited: Sewer.

You collected 145 gold pieces.

Inventory:

Hand Weapons
 a - a +2 dagger (weapon)
 g - a +0 rapier
Missiles
 b - 13 poisoned darts
 c - 3 curare-tipped darts (quivered)
Jewellery
 f - a ring of ice
 i - a ring of magical power (right tentacle)
Wands
 o - a wand of polymorph (7)
Scrolls
 d - 3 scrolls of magic mapping {unknown}
 e - a scroll of vulnerability {unknown}
 k - 3 scrolls of teleportation {unknown}
 m - 3 scrolls of summoning {unknown}
 p - a scroll of immolation {unknown}
 q - a scroll of blinking {unknown}
 r - 2 scrolls of enchant weapon {unknown}
Potions
 h - 2 potions of might {unknown}
 j - a potion of haste {unknown}
 l - a potion of attraction {unknown}
 n - a potion of brilliance {unknown}
 s - a potion of degeneration {unknown}


   Skills:
 + Level 2.6 Fighting
 + Level 4.1 Short Blades
 - Level 2.6 Throwing
 + Level 1.7 Dodging
 - Level 7.5 Stealth
 + Level 0.4 Spellcasting
 + Level 0.9 Summonings


You had 4 spell levels left.
You knew the following spells:

 Your Spells              Type           Power      Damage    Failure   Level
a - Summon Small Mammal   Summ           8%         N/A       21%         1

Your spell library contained the following spells:

 Spells                   Type           Power      Damage    Failure   Level
 Foxfire                  Conj/Fire      0%         2x1d4     30%         1
 Call Canine Familiar     Summ           2%         N/A       52%         3
 Summon Guardian Golem    Hex/Summ       1%         N/A       58%         3
 Inner Flame              Hex/Fire       0%         N/A       65%         3
 Cause Fear               Hex            0%         N/A       96%         4
 Passage of Golubria      Tloc           0%         N/A       96%         4
 Fireball                 Conj/Fire      0%         3d3       100%        5
 Silence                  Hex/Air        0%         N/A       100%        5
 Starburst                Conj/Fire      0%         6d3       100%        6
 Discord                  Hex            0%         N/A       100%        8
 Lehudib's Crystal Spear  Conj/Erth      0%         10d2      100%        8


Dungeon Overview and Level Annotations

Branches:
Dungeon (3/15)              Sewer (visited)

Altars:

Shops:
D:3 :(

Annotations:
D:3 exclusion: orc


Innate Abilities, Weirdness & Mutations

You cannot wear most types of armour.
You are amphibious.
You can wear up to eight rings at the same time.
Your skin changes colour to match your surroundings (Stealth+).
Your rubbery body absorbs attacks. (AC +1, EV +1)
((You are camouflaged when in or above water. (Stealth+)))
You have tentacles for arms and can constrict up to eight enemies at once.


Message History

Your rat disappears in a puff of smoke!
s - a purple potion An endoplasm and 3 orcs come into view.
An orc is wielding a +1 whip of venom.
The orc shouts!
The endoplasm quivers.
A rat comes into view.
The endoplasm freezes you.
You are frozen.
You hit the endoplasm.
The endoplasm is heavily wounded.
The orc closely misses you. The endoplasm freezes you.
You are frozen.
You hit the endoplasm but do no damage.
The endoplasm is heavily wounded.
The orc hits you with a +1 whip of venom.
You are poisoned.
The endoplasm hits you.
You hit the endoplasm.
You kill the endoplasm!
You feel sick.
The orc hits you with a +1 whip of venom.
You are more poisoned.
You barely miss the orc. Your grab misses the orc.
You feel very sick.
The orc hits you with a +1 whip of venom.
The orc closely misses you.
You hit the orc but do no damage. Your grab misses the orc.
Your squeeze misses the orc.
You feel sick.
You hit the orc but do no damage. You grab the orc. You constrict the orc.
You feel sick. The orc barely misses you. The orc hits you with a +0 flail.
* * * LOW HITPOINT WARNING * * *
You hit the orc.
The orc is heavily wounded.
You constrict the orc.
You feel sick. The orc barely misses you. x2
You release your grip on the orc.
The orc attacks as you move away!
The orc hits you with a +1 whip of venom!
* * * LOW HITPOINT WARNING * * *
You are more poisoned.
You die... #.......# #.......#. #......... #.......# #.......# ###### .r..... .....# #ooo#

.....# ###.##### ...).#
#.@.....###.....#
#.#.##.....)....#
#.#.##..#########
#.#..#..# #.##.#..#
#.##.#..## #######
#........####..∩...
#.###..#.##.......#
#####
######.###..#..#.#.#....


You could see 3 orcs and a rat.

Vanquished Creatures
  Pargi (Sewer)
  Terence (D:3)
  4 gnolls (D:2)
  4 adders
  A river rat (D:3)
  2 worms
  3 dart slugs
  2 orcs (D:3)
  2 ball pythons (D:1)
  4 bats
  9 endoplasms
  4 giant cockroaches
  5 goblins
  2 hobgoblins
  3 jackals (D:2)
  9 quokkas
  9 frilled lizards
  10 kobolds
  3 rats
78 creatures vanquished.

Notes
Turn   | Place    | Note
-------+----------+-------------------------------------------
     0 | D:1      | capslocke the Octopode Brigand began the quest for the Orb.
     0 | D:1      | Reached XP level 1. HP: 14/14 MP: 1/1
   196 | D:1      | Reached XP level 2. HP: 13/19 MP: 2/2
   200 | D:1      | Reached skill level 6 in Stealth
   514 | D:1      | Reached XP level 3. HP: 24/24 MP: 3/3
   608 | D:1      | Learned a level 1 spell: Summon Small Mammal
  1211 | D:2      | Reached XP level 4. HP: 29/29 MP: 4/4
  1518 | D:2      | Reached skill level 7 in Stealth
  1859 | D:2      | Reached XP level 5. HP: 34/34 MP: 5/5
  2018 | D:3      | Found a glowing drain.
  2025 | Sewer    | Entered a sewer
  2047 | Sewer    | Noticed Pargi
  2049 | Sewer    | Killed Pargi
  2050 | Sewer    | Reached XP level 6. HP: 41/41 MP: 6/6
  2223 | D:3      | Found Kunill's Weapon Shoppe.
  2229 | D:3      | Noticed Terence
  2234 | D:3      | Killed Terence
  2360 | D:3      | Found Awioheir's Book Shoppe.
  2465 | D:3      | HP: 2/41 [orc/+1 whip of venom (7)]
  2465 | D:3      | Succumbed to an orc's poison

Illustrated notes

Levels and vault maps discovered:
D:1:      nicolae_arrival_washed_ashore, layout_basic, serial_bayou_pond_e
D:2:      minmay_door_path, layout_loops_corners
D:3:      cheibrodos_pilgrimage, layout_loops_cross, serial_shops,
          shop_fountains, shop, shop, gup_sewer_entry_bubbles,
          minmay_misc_feat_pillars, uniq_terence

Skill      XL: |  1  2  3  4  5  6 |
---------------+-------------------+-----
Stealth        | 6 7 |  7.5
Short Blades   | 3 4 |  4.1
Fighting       | |  2.6
Throwing       | |  2.6
Dodging        | |  1.7
Spellcasting   | |  0.4
Summonings     | |  0.9

Action                   |  1- 3 |  4- 6 || total
-------------------------+-------+-------++-------
Melee: Dagger            |    55 |    55 ||   110
       Tentacles         |     6 |     7 ||    13
       Constrict         |    10 |    11 ||    21
Throw: Dart              |     6 |    11 ||    17
 Cast: Summon Small Mamm |     1 |     3 ||     4
 Stab: Sleeping          |    20 |    24 ||    44
Armor: Skin              |     2 |     3 ||     5
Dodge: Dodged            |    15 |    19 ||    34

Table legend: (Time is in decaauts)
 A = Elapsed time spent in this place.
 B = Non-inter-level travel time spent in this place.
 C = Inter-level travel time spent in this place.
 D = Time resting spent in this place.
 E = Time spent auto-exploring this place.
 F = Levels seen in this place.
 G = Mean time per level.
                   A        B        C        D        E       F      G
               +--------+--------+--------+--------+--------+-----+--------+
         Total |   2446 |   2359 |     87 |    139 |   1648 |   4 |  611.5 |
       Dungeon |   2334 |   2247 |     87 |    139 |   1578 |   3 |  778.0 |
         Sewer |    111 |    111 |      0 |      0 |     70 |   1 |  111.0 |
               +--------+--------+--------+--------+--------+-----+--------+

Top non-repeatable levels by time:
     D:2: 1023 daAuts
     D:1: 950 daAuts
     D:3: 361 daAuts
   Sewer: 111 daAuts
